 Dungeon Sprint DCSS version 0.27-a0-29-g2d0a2396b0 (webtiles) character file.

Game seed: 15729694401323308544

10456 reriks the Severer (level 11, -3/172 HPs)
             Began as a Deep Dwarf Berserker on Jan 3, 2021.
             Was the Champion of Trog.
             Slain by Rupert
             ... wielding a +3 great mace of protection
              (22 damage)
             ... in the Dungeon (Sprint III: "The Ten Rune Challenge").
             The game lasted 00:08:11 (2371 turns).

reriks the Severer (Deep Dwarf Berserker)           Turns: 2371, Time: 00:08:11

Health: -3/172     AC: 10    Str: 25    XL:     11   Next: 36%
Magic:  3/5        EV: 19    Int:  7    God:    Trog [******]
Gold:   2507       SH:  0    Dex: 12    Spells: 10/10 levels left

rFire    + . .     SeeInvis .   y - +5 battleaxe (flame)
rCold    . . .     Faith    .   (shield currently unavailable)
rNeg     . . .     Spirit   .   i - +0 ring mail {rF+}
rPois    .         Reflect  .   (no helmet)
rElec    .         Harm     .   (no cloak)
rCorr    .         Rampage  .   (no gloves)
Will     +....     NoTele   +   (no boots)
Stlth    ..........             (no amulet)
HPRegen  0.00/turn              (no ring)
MPRegen  0.09/turn              (no ring)

@: berserking (expiring), non-regenerating, very quick
A: damage resistance, heal wounds, slimy green scales 1, blurry vision 1,
mutation resistance 1, sense surroundings 2, no regeneration
a: Heal Wounds, Renounce Religion, Berserk, Trog's Hand, Brothers in Arms


You were in the Dungeon.
You worshipped Trog.
Trog was exalted by your worship.
You visited 1 branch You collected 2507 gold pieces.

Inventory:

Hand Weapons
 a - a +0 hand axe
 c - a +7 bardiche
 j - a +5 vampiric dagger
 s - a +2 vorpal war axe
 t - a +4 antimagic battleaxe
 u - the +2 broad axe "Cuvuob" {antimagic, Int+4 SInv}
   (Trog gifted it to you in the Dungeon)

   It reduces the magical energy of the wielder, and disrupts the spells and
   magical abilities of those hit.
   Natural abilities and divine invocations are not affected.
   It affects your intelligence (+4).
   It lets you see invisible.
 v - a +3 antimagic battleaxe
 w - a +1 antimagic battleaxe
 x - a +1 battleaxe
 y - a +5 battleaxe of flaming (weapon)
Armour
 b - a +0 animal skin
 i - a +0 ring mail of fire resistance (worn)
Wands
 r - a wand of digging (3)
Scrolls
 h - a scroll of blinking
 k - a scroll of torment {unknown}
 l - 2 scrolls of identify {unknown}
 m - 2 scrolls of remove curse {unknown}
 o - a scroll of holy word {unknown}
Potions
 d - a potion of heal wounds
 e - a potion of haste
 f - 2 potions of magic
 g - a potion of berserk rage
 n - 3 potions of flight
 p - a potion of attraction {unknown}
 q - 3 potions of mutation


   Skills:
 + Level 12.7 Fighting
 * Level 16.6 Axes
 + Level 14.6 Armour
 + Level 14.6 Dodging


You had 10 spell levels left.
You didn't know any spells.
Your spell library was empty.

Dungeon Overview and Level Annotations

Branches:
Dungeon (1/1)

Altars:
Dithmenos
Elyvilon
Kikubaaqudgha
Okawaru
Ru
Sif Muna
Trog
Uskayaw
Vehumet
Wu Jian
Yredelemnul
Zin
The Shining One
Beogh

Shops:
D }

Annotations:
D Rupert


Innate Abilities, Weirdness & Mutations

You are resistant to damage.
You can heal yourself by infusing magical energy.
You passively map the area around you.
You do not regenerate.
You are partially covered in slimy green scales. (AC +2)
Scrolls take you a little longer to read.
You are somewhat resistant to further mutation.


Message History

You slash Rupert! You burn Rupert.
Rupert is moderately wounded.
You slash Rupert! You burn Rupert.
Rupert is moderately wounded.
Rupert yells loudly at you.
You suddenly lose the ability to move!
Rupert hits you with a +3 great mace of protection!
Rupert roars madly and goes into a rage!
Rupert goes berserk!
Rupert hits you with a +3 great mace of protection.
Rupert hits you with a +3 great mace of protection!!!
Rupert hits you with a +3 great mace of protection.
Rupert hits you with a +3 great mace of protection!!!
* * * LOW HITPOINT WARNING * * *
You can move again.
Unknown command.
You barely miss Rupert.
Rupert is moderately wounded.
Rupert hits you with a +3 great mace of protection!!
You die...

#(.# #..#####....#___#
+.
▓▓▓▓▓▓▓▓▓▓▓▓▓▓▓▓▓▓▓▓▓▓
▓▓ *
+≈≈≈§§≈≈≈≈♣♣.....♣♣♣♣≈
,#.≈≈≈≈≈†≈≈♣♣†≈≈≈≈†♣♣)♣
*
,#≈≈§§§≈≈≈≈≈†.†...#.≈♣♣
,
#≈§≈§≈≈≈≈≈♣♣♣♣♣♣♣#.†♣♣
, #.≈§§≈≈.≈≈♣ ###'♣
#+####'#######♣ ♣.#
........@@.....♣ ♣..†##
#+#############+ ♣♣.# ,
,, ,,, , ♣. + , , * **
♣ * ≈ , , , , * ≈≈ , ,
* * * *+ , *** * , , ,
*,*, * ,, ,


You could see Rupert (berserk).

Vanquished Creatures
  Erolcha (D)
  A deep elf knight (D)
  2 orc sorcerers (D)
  5 deep elf magi (D)
  2 cane toads (D)
  A rime drake (D)
  A komodo dragon (D)
  A queen bee (D)
  A tyrant leech (D)
  5 blink frogs (D)
  3 redbacks (D)
  A shadow (D)
  3 wandering mushrooms (D)
  A swamp drake (D)
  An orc warrior (D)
  A necrophage (D)
  5 two-headed ogres (D)
  A water elemental (D)
  32 killer bees (D)
  A jelly (D)
  3 orc priests (D)
  A wizard (D)
  Jessica (D)
  A necromancer (D)
  3 humans (D)
  A kobold demonologist (D)
  A wolf (D)
  An ooze (D)
  12 orcs (D)
  2 rats (D)
95 creatures vanquished.

Notes
Turn   | Place    | Note
-------+----------+-------------------------------------------
     0 | D        | reriks the Deep Dwarf Berserker began the quest for the
                  | Orb.
     0 | D        | Reached XP level 1. HP: 20/20 MP: 1/1
    30 | D        | Reached ** piety under Trog
   131 | D        | Noticed Jessica
   134 | D        | Killed Jessica
   135 | D        | Reached skill level 4 in Axes
   135 | D        | Reached XP level 2. HP: 30/30 MP: 2/2
   135 | D        | Reached XP level 3. HP: 36/36 MP: 3/3
   200 | D        | Reached skill level 5 in Axes
   328 | D        | Reached *** piety under Trog
   491 | D        | Noticed a water elemental
   498 | D        | Killed a water elemental
   499 | D        | Reached skill level 5 in Fighting
   499 | D        | Reached skill level 6 in Axes
   499 | D        | Reached skill level 5 in Armour
   499 | D        | Reached skill level 5 in Dodging
   499 | D        | Reached XP level 4. HP: 22/46 MP: 4/4
   538 | D        | Gained mutation: You are partially covered in slimy green
                  | scales. (AC +2) [potion of mutation]
   538 | D        | Gained mutation: Scrolls take you a little longer to read.
                  | [potion of mutation]
   538 | D        | Gained mutation: You are somewhat resistant to further
                  | mutation. [potion of mutation]
   544 | D        | Found a glowing silver altar of Zin.
   544 | D        | Found a glowing golden altar of the Shining One.
   544 | D        | Found a white marble altar of Elyvilon.
   546 | D        | Noticed a deep elf mage
   564 | D        | Killed a deep elf mage
   565 | D        | Reached skill level 9 in Axes
   565 | D        | Reached XP level 5. HP: 57/57 MP: 4/4
   565 | D        | Reached XP level 6. HP: 66/66 MP: 5/5
   565 | D        | Reached XP level 7. HP: 72/72 MP: 6/6
   695 | D        | Found a hide-covered altar of Uskayaw.
   695 | D        | Found a roughly hewn altar of Beogh.
   695 | D        | Found an iron altar of Okawaru.
   695 | D        | Found a bloodstained altar of Trog.
   695 | D        | Found an ornate altar of the Wu Jian Council.
   695 | D        | Noticed a human
   702 | D        | Killed a human
   702 | D        | Reached **** piety under Trog
   703 | D        | Noticed a human
   711 | D        | Killed a human
   808 | D        | Found a basalt altar of Yredelemnul.
   808 | D        | Found a shadowy altar of Dithmenos.
   808 | D        | Found a sacrificial altar of Ru.
   815 | D        | Reached skill level 10 in Axes
   943 | D        | Noticed a shadow
   953 | D        | Killed a shadow
   953 | D        | Reached ***** piety under Trog
   954 | D        | Reached skill level 10 in Armour
   954 | D        | Reached skill level 10 in Dodging
   954 | D        | Reached XP level 8. HP: 61/82 MP: 7/7
  1004 | D        | Found a radiant altar of Vehumet.
  1005 | D        | Found a shimmering blue altar of Sif Muna.
  1005 | D        | Found an ancient bone altar of Kikubaaqudgha.
  1011 | D        | Received a gift from Trog
  1135 | D        | Noticed a two-headed ogre
  1142 | D        | Killed a two-headed ogre
  1143 | D        | Reached skill level 11 in Axes
  1185 | D        | Noticed a two-headed ogre
  1185 | D        | Noticed Erolcha
  1201 | D        | Killed Erolcha
  1202 | D        | Reached skill level 10 in Fighting
  1202 | D        | Gained mutation: You passively map the area around you.
                  | [Deep Dwarf growth]
  1202 | D        | Reached XP level 9. HP: 93/93 MP: 8/8
  1207 | D        | Killed a two-headed ogre
  1208 | D        | Reached skill level 12 in Axes
  1281 | D        | Received a gift from Trog
  1310 | D        | Noticed an orc sorcerer
  1311 | D        | Paralysed by an orc sorcerer for 4 turns
  1320 | D        | Killed an orc sorcerer
  1383 | D        | Received a gift from Trog
  1383 | D        | Reached ****** piety under Trog
  1402 | D        | Noticed an orc sorcerer
  1407 | D        | Killed an orc sorcerer
  1408 | D        | Reached skill level 13 in Axes
  1409 | D        | Found Etemp's Gadget Shoppe.
  1415 | D        | Received a gift from Trog
  1416 | D        | Got a smoking broad axe {god gift}
  1417 | D        | Identified the +2 broad axe "Cuvuob" {antimagic, Int+4
                  | SInv} (Trog gifted it to you in the Dungeon)
  1460 | D        | Noticed a deep elf mage
  1460 | D        | Noticed a deep elf knight
  1460 | D        | Noticed a deep elf mage
  1460 | D        | Noticed a deep elf mage
  1460 | D        | Noticed a deep elf mage
  1491 | D        | Killed a deep elf mage
  1492 | D        | Reached XP level 10. HP: 104/104 MP: 2/8
  1565 | D        | Killed a deep elf mage
  1611 | D        | Killed a deep elf mage
  1775 | D        | Killed a deep elf knight
  1775 | D        | Received a gift from Trog
  1776 | D        | Reached skill level 14 in Axes
  1793 | D        | Killed a deep elf mage
  1840 | D        | Noticed a deep elf annihilator
  1841 | D        | Noticed a deep elf demonologist
  1986 | D        | Received a gift from Trog
  2006 | D        | Received a gift from Trog
  2007 | D        | Reached skill level 15 in Axes
  2022 | D        | Received a gift from Trog
  2053 | D        | Received a gift from Trog
  2150 | D        | Reached XP level 11. HP: 86/114 MP: 2/8
  2209 | D        | Received a gift from Trog
  2216 | D        | Reached skill level 16 in Axes
  2322 | D        | Received a gift from Trog
  2357 | D        | Noticed Rupert
  2364 | D        | Paralysed by Rupert for 6 turns
  2371 | D        | Slain by Rupert

Illustrated notes

Levels and vault maps discovered:
D:        dungeon_sprint_mu [sprint_mu_entry_cave, sprint_mu_temple_rooms,
          sprint_mu_d1_spiders, sprint_mu_d2_genie, sprint_mu_d3_branching,
          sprint_mu_orc_legion, sprint_mu_elf_gauntlet, sprint_mu_hive_nellie,
          sprint_mu_lair_fedhas, sprint_mu_vaults_butterflies,
          sprint_mu_slime_circle, sprint_mu_swamp_cave, sprint_mu_snake_twists,
          sprint_mu_blade_basic, sprint_mu_crypt_fortress,
          sprint_mu_tomb_spiral, sprint_mu_vestibule_basic,
          sprint_mu_gehenna_hellfire, sprint_mu_dis_giant,
          sprint_mu_tartarus_statrot, sprint_mu_cocytus_islands, sprint_mu_zot1]

Skill      XL: |  1  2  3  4  5  6  7  8  9 10 11 |
---------------+----------------------------------+-----
Fighting       | 3 5 7 8 10 11 12 | 12.7
Axes           | 4 6 9 10 11 13 15 16 | 16.6
Armour         | 4 5 8 10 11 12 14 | 14.6
Dodging        | 4 5 8 10 11 12 14 | 14.6

Action                   |  1- 3 |  4- 6 |  7- 9 | 10-12 || total
-------------------------+-------+-------+-------+-------++-------
Melee: Hand axe          |    22 |    17 |    41 |       ||    80
       War axe           |       |       |    72 |       ||    72
       Battleaxe         |       |       |    11 |    88 ||    99
       Broad axe         |       |       |     6 |   114 ||   120
Invok: Berserk           |     4 |     1 |     9 |     7 ||    21
       Trog's Hand       |       |       |     1 |       ||     1
 Abil: Heal Wounds       |       |     1 |     8 |    11 ||    20
  Use: Potion            |       |     1 |     1 |       ||     2
 Stab: Sleeping          |     1 |       |       |       ||     1
Armor: Animal skin       |     1 |       |       |       ||     1
       Ring mail         |       |     3 |    12 |    53 ||    68
Dodge: Dodged            |     6 |     3 |    66 |   284 ||   359

Table legend: (Time is in decaauts)
 A = Elapsed time spent in this place.
 B = Non-inter-level travel time spent in this place.
 C = Inter-level travel time spent in this place.
 D = Time resting spent in this place.
 E = Time spent auto-exploring this place.
 F = Levels seen in this place.
 G = Mean time per level.
                   A        B        C        D        E       F      G
               +--------+--------+--------+--------+--------+-----+--------+
         Total |   2530 |   2530 |      0 |   1628 |     27 |   1 | 2530.0 |
       Dungeon |   2530 |   2530 |      0 |   1628 |     27 |   1 | 2530.0 |
               +--------+--------+--------+--------+--------+-----+--------+

Top non-repeatable levels by time:
       D: 2530 daAuts
